SNL (28 & UNDER)
BEAUMONT ROUGHNECKS @ SALEM SILVER SOULS
08/21/2030
 
TOP OF THE 1ST
Beaumont Roughnecks batting - Pitching for Salem Silver Souls : RHP Francisco Solíz
Pitching: RHP Francisco Solíz
Batting: RHB Jeff Vickers 0-0: Ball
1-0: Ball
2-0: Ground out 6-3 (Groundball, 6)
Batting: RHB Cole Boehmer 0-0: Fly out, F6 (Line Drive, 6)
Batting: LHB Corey MacGregor 0-0: Ball
1-0: Swinging Strike
1-1: Foul Ball, location: 2F
1-2: Foul Ball, location: 2F
1-2: Ground out 5-3 (Groundball, 56S)
Top of the 1st over - 0 runs, 0 hits, 0 errors, 0 left on base; Beaumont 0 - Salem 0
BOTTOM OF THE 1ST
Salem Silver Souls batting - Pitching for Beaumont Roughnecks : RHP Stan Roberts
Pitching: RHP Stan Roberts
Batting: RHB Pedro Rivera 0-0: Called Strike
0-1: Called Strike
0-2: Ball
1-2: Foul Ball, location: 2F
1-2: Ground out 6-3 (Groundball, 6)
Batting: RHB Carlos Sánchez 0-0: Called Strike
0-1: Ball
1-1: Swinging Strike
1-2: Strikes out swinging
Batting: LHB Hamilton Hughes 0-0: Ball
1-0: Fly out, F9 (Flyball, 89D)
Bottom of the 1st over - 0 runs, 0 hits, 0 errors, 0 left on base; Beaumont 0 - Salem 0
TOP OF THE 2ND
Beaumont Roughnecks batting - Pitching for Salem Silver Souls : RHP Francisco Solíz
Batting: LHB John Fitzgerald 0-0: Ball
1-0: Ball
2-0: Ball
3-0: Base on Balls
Batting: RHB Jim MacAchounich 0-0: Ball
1-0: Ball
2-0: Ball
3-0: Base on Balls
John Fitzgerald to second
Batting: SHB Richie Gallegos 0-0: Grounds into double play, 4-6-3 (Groundball, 4)
John Fitzgerald to third
Batting: RHB António Rodríguez 0-0: Ground out U3 (Groundball, 3L)
Top of the 2nd over - 0 runs, 0 hits, 0 errors, 1 left on base; Beaumont 0 - Salem 0
BOTTOM OF THE 2ND
Salem Silver Souls batting - Pitching for Beaumont Roughnecks : RHP Stan Roberts
Batting: LHB Nick Scott 0-0: Called Strike
0-1: Called Strike
0-2: Ball
1-2: Ball
2-2: Ball
3-2: SINGLE (Groundball, 34) (infield hit)
Batting: LHB Jeff Douglas 0-0: Swinging Strike
0-1: Ball
Wild Pitch!
Nick Scott to second
1-1: Ball
2-1: Swinging Strike
2-2: Strikes out swinging
Batting: LHB Caleb Hall 0-0: Foul Ball, location: 2F
0-1: Ball
1-1: Foul Ball, location: 2F
1-2: Fly out, F8 (Flyball, 8RS)
Batting: RHB Gilberto León 0-0: Ball
1-0: Ball
2-0: SINGLE (Flyball, 89S)
Nick Scott to third
Runner from 3rd tries for Home, SAFE, no throw
Batting: RHB Armando García 0-0: Ball
1-0: Fly out, F5 (Line Drive, 56)
Bottom of the 2nd over - 1 run, 2 hits, 0 errors, 1 left on base; Beaumont 0 - Salem 1
TOP OF THE 3RD
Beaumont Roughnecks batting - Pitching for Salem Silver Souls : RHP Francisco Solíz
Batting: SHB Miguel Hurtado 0-0: Swinging Strike
0-1: Foul Ball, location: 2F
0-2: Strikes out swinging
Batting: LHB Roberto Félix 0-0: Called Strike
0-1: Ball
1-1: Foul Ball, location: 2F
1-2: Ground out 5-3 (Groundball, 5L)
Batting: RHB Jeff Vickers 0-0: Ball
1-0: SINGLE (Line Drive, 8LS)
Batting: RHB Cole Boehmer 0-0: Ball
1-0: Foul Ball, location: 2F
1-1: Fly out, F9 (Flyball, 9S)
Top of the 3rd over - 0 runs, 1 hit, 0 errors, 1 left on base; Beaumont 0 - Salem 1
BOTTOM OF THE 3RD
Salem Silver Souls batting - Pitching for Beaumont Roughnecks : RHP Stan Roberts
Batting: LHB Felipe Rivera 0-0: Swinging Strike
0-1: SINGLE (Line Drive, 78S)
Batting: RHB Pedro Rivera 0-0: Called Strike
0-1: Fielders Choice at 2nd, 6-4 (Groundball, 6MD)
Batting: RHB Carlos Sánchez 0-0: Ball
Pedro Rivera is caught stealing 2nd base
1-0: Ground out 6-3 (Groundball, 6S)
Bottom of the 3rd over - 0 runs, 1 hit, 0 errors, 0 left on base; Beaumont 0 - Salem 1
TOP OF THE 4TH
Beaumont Roughnecks batting - Pitching for Salem Silver Souls : RHP Francisco Solíz
Batting: LHB Corey MacGregor 0-0: Called Strike
0-1: Ball
1-1: Ball
2-1: Ball
3-1: Base on Balls
Batting: LHB John Fitzgerald 0-0: Foul Ball, location: 2F
0-1: Fielders Choice at 2nd, 3-6 (Groundball, 3)
Batting: RHB Jim MacAchounich 0-0: Ball
1-0: Called Strike
1-1: SINGLE (Flyball, 89S)
John Fitzgerald to second
Batting: SHB Richie Gallegos 0-0: Called Strike
0-1: Foul Ball, location: 2F
0-2: Foul Ball, location: 2F
0-2: Strikes out looking
Batting: RHB António Rodríguez 0-0: SINGLE (Groundball, 6MD)
John Fitzgerald to third
Jim MacAchounich to second
Runner from 3rd tries for Home, SAFE, no throw
Batting: SHB Miguel Hurtado 0-0: Ball
1-0: Called Strike
1-1: Foul Ball, location: 2F
1-2: Foul Ball, location: 2F
1-2: Strikes out swinging
Top of the 4th over - 1 run, 2 hits, 0 errors, 2 left on base; Beaumont 1 - Salem 1
BOTTOM OF THE 4TH
Salem Silver Souls batting - Pitching for Beaumont Roughnecks : RHP Stan Roberts
Batting: LHB Hamilton Hughes 0-0: Ball
1-0: Swinging Strike
1-1: SINGLE (Line Drive, 34D)
Batting: LHB Nick Scott 0-0: Swinging Strike
0-1: Swinging Strike
0-2: Strikes out swinging
Batting: LHB Jeff Douglas 0-0: Swinging Strike
0-1: Ball
1-1: Ball
2-1: Swinging Strike
2-2: Foul Ball, location: 2F
2-2: Foul Ball, location: 2F
2-2: Strikes out swinging
Batting: LHB Caleb Hall 0-0: Swinging Strike
0-1: Swinging Strike
0-2: Strikes out swinging
Bottom of the 4th over - 0 runs, 1 hit, 0 errors, 1 left on base; Beaumont 1 - Salem 1
TOP OF THE 5TH
Beaumont Roughnecks batting - Pitching for Salem Silver Souls : RHP Francisco Solíz
Batting: LHB Roberto Félix 0-0: Ball
1-0: Fly out, F4 (Line Drive, 4)
Batting: RHB Jeff Vickers 0-0: Foul Ball, location: 2F
0-1: Ball
1-1: Ball
2-1: Swinging Strike
2-2: Ball
3-2: Strikes out swinging
Batting: RHB Cole Boehmer 0-0: Called Strike
0-1: SINGLE (Line Drive, 34D)
Batting: LHB Corey MacGregor 0-0: Foul Ball, location: 2F
0-1: Fly out, F6 (Flyball, 56D)
Top of the 5th over - 0 runs, 1 hit, 0 errors, 1 left on base; Beaumont 1 - Salem 1
BOTTOM OF THE 5TH
Salem Silver Souls batting - Pitching for Beaumont Roughnecks : RHP Stan Roberts
Batting: RHB Gilberto León 0-0: Ball
1-0: Called Strike
1-1: Ball
2-1: Swinging Strike
2-2: Ground out 6-3 (Groundball, 6)
Batting: RHB Armando García 0-0: Ball
1-0: Called Strike
1-1: Ball
2-1: Foul Ball, location: 2F
2-2: Ball
3-2: Ground out 6-3 (Groundball, 6M)
Batting: LHB Felipe Rivera 0-0: Ground out 1-3 (Groundball, 15S)
Bottom of the 5th over - 0 runs, 0 hits, 0 errors, 0 left on base; Beaumont 1 - Salem 1
TOP OF THE 6TH
Beaumont Roughnecks batting - Pitching for Salem Silver Souls : RHP Francisco Solíz
Batting: LHB John Fitzgerald 0-0: Ball
1-0: Called Strike
1-1: Swinging Strike
1-2: Ball
2-2: Ball
3-2: Strikes out swinging
Batting: RHB Jim MacAchounich 0-0: Ball
1-0: Ball
2-0: Ball
3-0: Base on Balls
Batting: SHB Richie Gallegos 0-0: Swinging Strike
0-1: Called Strike
0-2: Ball
1-2: Grounds into double play, 4-6-3 (Groundball, 4M)
Top of the 6th over - 0 runs, 0 hits, 0 errors, 0 left on base; Beaumont 1 - Salem 1
BOTTOM OF THE 6TH
Salem Silver Souls batting - Pitching for Beaumont Roughnecks : RHP Stan Roberts
Batting: RHB Pedro Rivera 0-0: Foul Ball, location: 2F
0-1: Ball
1-1: Ground out 4-3 (Groundball, 4)
Batting: RHB Carlos Sánchez 0-0: Foul Ball, location: 2F
0-1: Foul Ball, location: 2F
0-2: Ball
1-2: Foul Ball, location: 2F
1-2: Fly out, F6 (Line Drive, 6)
Batting: LHB Hamilton Hughes 0-0: Ball
1-0: DOUBLE (Line Drive, 78XD)
Batting: LHB Nick Scott 0-0: Foul Ball, location: 2F
0-1: Ground out 4-3 (Groundball, 4)
Bottom of the 6th over - 0 runs, 1 hit, 0 errors, 1 left on base; Beaumont 1 - Salem 1
TOP OF THE 7TH
Beaumont Roughnecks batting - Pitching for Salem Silver Souls : RHP Francisco Solíz
Batting: RHB António Rodríguez 0-0: Ball
1-0: Called Strike
1-1: Called Strike
1-2: Foul Ball, location: 2F
1-2: Strikes out swinging
Batting: SHB Miguel Hurtado 0-0: Called Strike
0-1: SINGLE (Groundball, 34D)
Batting: LHB Roberto Félix 0-0: Swinging Strike
0-1: Ball
1-1: Ball
2-1: Ball
3-1: Called Strike
3-2: Fly out, F7 (Line Drive, 78D)
Batting: RHB Jeff Vickers 0-0: Ball
1-0: Ball
2-0: Ball
3-0: Base on Balls
Miguel Hurtado to second
Batting: RHB Cole Boehmer 0-0: Called Strike
0-1: Called Strike
0-2: Ball
1-2: Ball
2-2: 3-RUN HOME RUN (Flyball, 78XD), Distance : 410 ft
Pitching: LHP Alfonso Guerra
Batting: LHB Corey MacGregor 0-0: Called Strike
0-1: Swinging Strike
0-2: Foul Ball, location: 2F
0-2: Strikes out swinging
Top of the 7th over - 3 runs, 2 hits, 0 errors, 0 left on base; Beaumont 4 - Salem 1
BOTTOM OF THE 7TH
Salem Silver Souls batting - Pitching for Beaumont Roughnecks : RHP Stan Roberts
Batting: LHB Jeff Douglas 0-0: SINGLE (Groundball, 34D)
Pitching: RHP Ralph Miller
Batting: LHB Caleb Hall 0-0: Foul Ball, location: 2F
0-1: Ball
1-1: Foul Ball, location: 2F
1-2: Ground out 4-3 (Groundball, 4MS)
Jeff Douglas to second
Batting: RHB Gilberto León 0-0: Called Strike
0-1: Ball
1-1: Ball
2-1: Foul Ball, location: 2F
2-2: SINGLE (Groundball, 6D)
Jeff Douglas to third
Runner from 3rd tries for Home, SAFE, no throw
Batting: RHB Armando García 0-0: Fly out, F8 (Flyball, 8LM)
Batting: LHB Felipe Rivera 0-0: Ball
1-0: Ball
2-0: Swinging Strike
2-1: Ball
3-1: Foul Ball, location: 2F
3-2: Foul Ball, location: 2F
3-2: Ground out 1-3 (Groundball, 13S)
Bottom of the 7th over - 1 run, 2 hits, 0 errors, 1 left on base; Beaumont 4 - Salem 2
TOP OF THE 8TH
Beaumont Roughnecks batting - Pitching for Salem Silver Souls : LHP Alfonso Guerra
Batting: LHB John Fitzgerald 0-0: Ground out 5-3 (Groundball, 56S)
Batting: RHB Jim MacAchounich 0-0: Called Strike
0-1: Ball
1-1: Ball
2-1: SINGLE (Line Drive, 7S)
Batting: SHB Richie Gallegos 0-0: Called Strike
0-1: 2-RUN HOME RUN (Flyball, 78XD), Distance : 415 ft
Pitching: RHP Emílio Aguirre
Batting: RHB António Rodríguez 0-0: Swinging Strike
0-1: Called Strike
0-2: Ball
1-2: Ball
2-2: Strikes out swinging
Batting: SHB Miguel Hurtado 0-0: Ball
1-0: Ball
2-0: Called Strike
2-1: Ball
3-1: Base on Balls
Batting: LHB Roberto Félix 0-0: Ball
1-0: Foul Ball, location: 2F
1-1: Ball
2-1: Swinging Strike
2-2: Ball
3-2: Strikes out swinging
Top of the 8th over - 2 runs, 2 hits, 0 errors, 1 left on base; Beaumont 6 - Salem 2
BOTTOM OF THE 8TH
Salem Silver Souls batting - Pitching for Beaumont Roughnecks : RHP Ralph Miller
Batting: RHB Pedro Rivera 0-0: Ball
1-0: Called Strike
1-1: Ball
2-1: Ball
3-1: Foul Ball, location: 2F
3-2: SINGLE (Flyball, 9LS)
Batting: RHB Carlos Sánchez 0-0: Ball
1-0: Fly out, F8 (Flyball, 8RD)
Batting: LHB Hamilton Hughes 0-0: Ball
1-0: Fly out, F3 (Popup, 3SF)
Batting: LHB Nick Scott 0-0: Ball
1-0: SINGLE (Groundball, 34) (infield hit)
Pedro Rivera to second
Batting: LHB Jeff Douglas 0-0: Ball
1-0: SINGLE (Line Drive, 9LS)
Pedro Rivera to third
Nick Scott to second
Runner from 3rd tries for Home, SAFE, no throw
Batting: LHB Caleb Hall 0-0: Ball
1-0: Ball
2-0: Foul Ball, location: 2F
2-1: Ball
3-1: Base on Balls
Nick Scott to third
Jeff Douglas to second
Batting: RHB Gilberto León 0-0: Called Strike
0-1: Ball
1-1: Ball
2-1: Ball
3-1: Called Strike
3-2: Ground out 4-3 (Groundball, 4)
Bottom of the 8th over - 1 run, 3 hits, 0 errors, 3 left on base; Beaumont 6 - Salem 3
TOP OF THE 9TH
Beaumont Roughnecks batting - Pitching for Salem Silver Souls : RHP Emílio Aguirre
Batting: RHB Jeff Vickers 0-0: Ball
1-0: SINGLE (Line Drive, 8LS)
Batting: RHB Cole Boehmer 0-0: Ball
1-0: Fly out, F9 (Line Drive, 9)
Batting: LHB Corey MacGregor 0-0: Ball
1-0: Swinging Strike
1-1: Called Strike
1-2: Strikes out swinging
Batting: LHB John Fitzgerald 0-0: Called Strike
0-1: Ball
1-1: Ball
2-1: Ground out 1-3 (Groundball, 13)
Top of the 9th over - 0 runs, 1 hit, 0 errors, 1 left on base; Beaumont 6 - Salem 3
BOTTOM OF THE 9TH
Salem Silver Souls batting - Pitching for Beaumont Roughnecks : RHP Ralph Miller
Batting: RHB Armando García 0-0: Called Strike
0-1: Ground out 5-3 (Groundball, 56)
Batting: LHB Felipe Rivera 0-0: Ball
1-0: Ball
2-0: Swinging Strike
2-1: Ball
3-1: Base on Balls
Batting: RHB Pedro Rivera 0-0: Foul Ball, location: 2F
0-1: Ball
1-1: Fly out, F8 (Flyball, 8LD)
Batting: RHB Carlos Sánchez 0-0: Ball
1-0: Ball
2-0: Called Strike
2-1: Called Strike
2-2: Fly out, F8 (Flyball, 8LM)
Bottom of the 9th over - 0 runs, 0 hits, 0 errors, 1 left on base; Beaumont 6 - Salem 3
Saturday, April 7th, 2018 - OOTP Baseball 18.8 Build 76